[ AOE2 MATCH · #505169280 ]
UnrankedIncas vs Vikings
Player's team · LOSS
Rival team · WIN
[ REPLAY ANALYSIS · EXTRACTED FROM THE RECORDED GAME ]
Feudal
12:24
Castle
17:25
Imperial
—
| APM avg | 47.4 |
| APM peak | 81 |
| eAPM avg | 19.2 |
| Villagers / military | 98 / 48 |
Focus
⚔️ 49.6% · 🌾 50.4%
Skirmisher ×25 · Petard ×14 · Unknown (2550) ×14 · Mangonel ×4 · Archer ×3 · Battering Ram ×2
Feudal
8:59
Castle
21:25
Imperial
38:19
| APM avg | 47.7 |
| APM peak | 80 |
| eAPM avg | 25.8 |
| Villagers / military | 145 / 82 |
Focus
⚔️ 33.5% · 🌾 66.5%
Archer ×44 · Militia ×16 · Mangonel ×12 · Berserk ×10
Match map
Initial resources + every placement click. Lines = walls · curves = elevation contours. ◆ gold · ⬟ stone · ● berries · ✦ relic · ◌ wall gap
Your base· ✓ Closed at 17:25 · 42t walls · no gate
KrazyHands's base· Open — opponent sealed themselves in
Smoothed initial terrain · ◌ = detected wall gap · hover for details
Inputs per minute
— 赤いドラゴン - - KrazyHands
Build order — 赤いドラゴン
First 150 of 271 actions detected
| 0:01 | Queue | Villager (Male) |
| 0:01 | Queue | Villager (Male) |
| 0:06 | Build | Barracks |
| 0:07 | Build | House |
| 0:39 | Queue | Villager (Male) |
| 0:49 | Queue | Unit 2550 |
| 1:24 | Queue | Villager (Male) |
| 2:09 | Queue | Villager (Male) |
| 2:46 | Queue | Villager (Male) |
| 3:12 | Queue | Villager (Male) |
| 3:19 | Build | House |
| 3:44 | Queue | Villager (Male) |
| 3:44 | Queue | Villager (Male) |
| 4:20 | Queue | Villager (Male) |
| 4:32 | Queue | Unit 2550 |
| 4:39 | Research | Loom |
| 4:52 | Queue | Villager (Male) |
| 4:56 | Build | Settlement |
| 5:18 | Queue | Villager (Male) |
| 5:45 | Queue | Villager (Male) |
| 5:47 | Build | House |
| 6:10 | Build | Palisade Wall |
| 6:10 | Build | Palisade Wall |
| 6:12 | Build | Palisade Wall |
| 6:13 | Build | Palisade Wall |
| 6:13 | Build | Palisade Wall |
| 6:14 | Build | Palisade Wall |
| 6:14 | Build | Palisade Wall |
| 6:14 | Build | Palisade Wall |
| 6:14 | Build | Palisade Wall |
| 6:15 | Build | Palisade Wall |
| 6:15 | Build | Palisade Wall |
| 6:20 | Queue | Villager (Male) |
| 6:49 | Queue | Villager (Male) |
| 7:02 | Build | Palisade Wall |
| 7:13 | Queue | Villager (Male) |
| 7:40 | Queue | Villager (Male) |
| 7:53 | Build | Settlement |
| 7:55 | Queue | Villager (Male) |
| 8:13 | Build | Palisade Wall |
| 8:15 | Queue | Villager (Male) |
| 8:33 | Build | House |
| 8:37 | Queue | Villager (Male) |
| 9:10 | Build | Palisade Wall |
| 9:12 | Build | Palisade Wall |
| 9:13 | Build | Palisade Wall |
| 9:13 | Build | Palisade Wall |
| 9:13 | Build | Palisade Wall |
| 9:13 | Build | Palisade Wall |
| 9:14 | Build | Palisade Wall |
| 9:14 | Build | Palisade Wall |
| 9:20 | Queue | Villager (Male) |
| 9:26 | Build | Outpost |
| 9:44 | Build | Palisade Wall |
| 9:46 | Build | Palisade Wall |
| 9:48 | Build | Palisade Wall |
| 9:49 | Build | Palisade Wall |
| 9:51 | Build | Palisade Wall |
| 10:14 | Research | Feudal Age |
| 11:16 | Build | Outpost |
| 12:11 | Build | Outpost |
| 12:23 | Build | Palisade Wall |
| 12:24 | Age | Feudal Age |
| 12:26 | Build | Palisade Wall |
| 12:36 | Queue | Villager (Male) |
| 12:48 | Build | Market |
| 12:58 | Build | Blacksmith |
| 13:01 | Queue | Villager (Male) |
| 13:16 | Queue | Villager (Male) |
| 13:25 | Build | Settlement |
| 13:28 | Build | Palisade Wall |
| 13:42 | Build | House |
| 13:54 | Build | Palisade Wall |
| 14:32 | Build | House |
| 14:45 | Research | Castle Age |
| 14:55 | Build | Farm |
| 15:02 | Build | House |
| 15:23 | Research | Double-Bit Axe |
| 15:25 | Build | Farm |
| 15:28 | Build | Farm |
| 16:15 | Build | Watch Tower |
| 16:22 | Build | Watch Tower |
| 16:26 | Queue | Villager (Male) |
| 16:34 | Build | Stone Wall |
| 16:48 | Build | Archery Range |
| 17:06 | Build | Settlement |
| 17:25 | Age | Castle Age |
| 17:38 | Queue | Villager (Male) |
| 17:44 | Queue | Archer |
| 17:45 | Queue | Archer |
| 17:50 | Build | House |
| 17:52 | Build | Palisade Wall |
| 17:55 | Build | Palisade Wall |
| 17:58 | Build | Palisade Wall |
| 18:08 | Queue | Petard |
| 18:08 | Queue | Petard |
| 18:31 | Queue | Petard |
| 18:46 | Queue | Villager (Male) |
| 18:49 | Build | Farm |
| 18:50 | Build | Farm |
| 18:54 | Queue | Petard |
| 19:14 | Queue | Petard |
| 19:17 | Build | Farm |
| 19:18 | Build | Farm |
| 19:21 | Build | Farm |
| 19:22 | Build | Farm |
| 19:32 | Queue | Petard |
| 20:10 | Queue | Petard |
| 20:12 | Queue | Villager (Male) |
| 20:41 | Queue | Villager (Male) |
| 21:11 | Queue | Villager (Male) |
| 21:13 | Queue | Archer |
| 21:25 | Research | Fletching |
| 21:52 | Queue | Villager (Male) |
| 22:05 | Build | Town Center |
| 22:18 | Build | Farm |
| 22:19 | Build | Farm |
| 22:22 | Build | Farm |
| 22:22 | Build | Farm |
| 22:23 | Queue | Villager (Male) |
| 22:44 | Queue | Villager (Male) |
| 23:02 | Queue | Petard |
| 23:37 | Queue | Villager (Male) |
| 23:37 | Queue | Villager (Male) |
| 23:44 | Queue | Villager (Male) |
| 23:58 | Queue | Villager (Male) |
| 24:14 | Queue | Villager (Male) |
| 24:18 | Build | Archery Range |
| 24:19 | Build | Archery Range |
| 24:40 | Build | Outpost |
| 24:46 | Build | Outpost |
| 24:47 | Queue | Villager (Male) |
| 24:52 | Research | Bodkin Arrow |
| 24:52 | Research | Padded Archer Armor |
| 25:05 | Queue | Skirmisher |
| 25:06 | Queue | Skirmisher |
| 25:06 | Queue | Skirmisher |
| 25:20 | Build | Farm |
| 25:22 | Build | Farm |
| 25:22 | Build | Farm |
| 25:24 | Build | Farm |
| 25:50 | Research | Elite Skirmisher (upgrade) |
| 26:00 | Queue | Skirmisher |
| 26:02 | Queue | Skirmisher |
| 26:02 | Queue | Skirmisher |
| 26:12 | Queue | Villager (Male) |
| 26:14 | Queue | Villager (Male) |
| 26:20 | Queue | Skirmisher |
| 26:31 | Queue | Skirmisher |
| 26:32 | Queue | Villager (Male) |
Build order — KrazyHands
First 150 of 390 actions detected
| 0:01 | Queue | Villager (Male) ×4 |
| 0:03 | Build | House |
| 0:11 | Build | House |
| 1:27 | Queue | Villager (Male) |
| 1:27 | Queue | Villager (Male) |
| 2:08 | Queue | Villager (Male) |
| 2:10 | Queue | Villager (Male) |
| 2:15 | Build | Lumber Camp |
| 2:22 | Queue | Villager (Male) |
| 2:42 | Queue | Villager (Male) |
| 3:00 | Queue | Villager (Male) |
| 3:27 | Queue | Villager (Male) |
| 3:30 | Build | House |
| 3:31 | Build | House |
| 3:59 | Queue | Villager (Male) |
| 4:19 | Queue | Villager (Male) ×2 |
| 5:30 | Queue | Villager (Male) |
| 5:43 | Build | Barracks |
| 5:58 | Queue | Villager (Male) |
| 5:58 | Research | Loom |
| 6:49 | Research | Feudal Age |
| 6:51 | Queue | Militia |
| 6:51 | Queue | Militia |
| 7:43 | Build | Mining Camp |
| 8:10 | Build | House |
| 8:45 | Build | House |
| 8:59 | Age | Feudal Age |
| 9:13 | Queue | Villager (Male) |
| 9:17 | Research | Double-Bit Axe |
| 9:39 | Build | Mill |
| 9:41 | Queue | Villager (Male) |
| 9:41 | Queue | Villager (Male) |
| 9:54 | Queue | Militia |
| 10:42 | Queue | Villager (Male) ×2 |
| 11:07 | Build | Farm |
| 11:07 | Build | Farm |
| 11:07 | Build | Farm |
| 11:07 | Build | Farm |
| 11:08 | Queue | Villager (Male) |
| 11:10 | Build | Farm |
| 11:13 | Build | Market |
| 11:48 | Build | Farm |
| 11:48 | Build | Farm |
| 11:52 | Build | Palisade Wall |
| 11:53 | Build | Palisade Wall |
| 11:55 | Build | Palisade Wall |
| 11:57 | Build | Palisade Wall |
| 11:58 | Build | Palisade Wall |
| 12:00 | Build | Palisade Wall |
| 12:02 | Build | Palisade Wall |
| 12:08 | Queue | Villager (Male) |
| 12:16 | Queue | Militia |
| 12:24 | Queue | Villager (Male) |
| 12:24 | Queue | Villager (Male) |
| 12:38 | Build | Farm |
| 12:41 | Build | Farm |
| 12:42 | Build | Farm |
| 13:02 | Queue | Villager (Male) |
| 13:15 | Research | Man-at-Arms (upgrade) |
| 13:17 | Queue | Militia |
| 13:36 | Queue | Villager (Male) |
| 13:36 | Queue | Villager (Male) |
| 13:38 | Build | Farm |
| 13:42 | Build | Farm |
| 13:47 | Build | House |
| 14:00 | Queue | Militia |
| 14:00 | Queue | Militia |
| 14:03 | Queue | Villager (Male) |
| 14:22 | Queue | Militia |
| 14:29 | Build | Palisade Wall |
| 14:31 | Queue | Villager (Male) |
| 14:31 | Queue | Villager (Male) |
| 14:32 | Queue | Villager (Male) |
| 14:40 | Queue | Villager (Male) ×2 |
| 14:44 | Build | House |
| 14:45 | Build | House |
| 15:09 | Build | Mill |
| 15:23 | Queue | Militia |
| 15:24 | Queue | Militia |
| 15:29 | Queue | Villager (Male) |
| 15:37 | Build | Watch Tower |
| 15:39 | Queue | Villager (Male) |
| 15:42 | Build | House |
| 15:43 | Build | House |
| 16:00 | Build | Farm |
| 16:09 | Queue | Villager (Male) |
| 16:12 | Queue | Villager (Male) |
| 16:13 | Queue | Villager (Male) |
| 16:25 | Build | Farm |
| 16:52 | Build | Watch Tower |
| 16:59 | Queue | Villager (Male) |
| 16:59 | Queue | Villager (Male) |
| 16:59 | Queue | Villager (Male) |
| 17:09 | Queue | Militia |
| 17:10 | Queue | Militia |
| 17:21 | Build | House |
| 17:53 | Build | Mining Camp |
| 18:20 | Build | Blacksmith |
| 18:45 | Research | Castle Age |
| 18:52 | Build | Outpost |
| 19:05 | Build | Barracks |
| 19:11 | Queue | Militia |
| 19:12 | Queue | Militia |
| 19:13 | Research | Scale Mail Armor |
| 19:14 | Research | Forging |
| 19:16 | Build | Farm |
| 19:18 | Build | Farm |
| 19:30 | Build | Watch Tower |
| 19:52 | Build | Farm |
| 19:54 | Queue | Villager (Male) |
| 19:54 | Queue | Villager (Male) |
| 20:08 | Build | Farm |
| 20:20 | Queue | Villager (Male) |
| 20:26 | Queue | Militia |
| 20:27 | Queue | Militia |
| 21:09 | Build | Archery Range |
| 21:23 | Queue | Villager (Male) |
| 21:25 | Age | Castle Age |
| 21:31 | Research | Fletching |
| 21:42 | Research | Crossbowman (upgrade) |
| 21:45 | Build | Mill |
| 21:50 | Queue | Villager (Male) |
| 21:50 | Queue | Villager (Male) |
| 22:00 | Build | Mining Camp |
| 22:13 | Research | Bow Saw |
| 22:24 | Queue | Villager (Male) |
| 22:24 | Queue | Villager (Male) |
| 22:26 | Build | Farm |
| 22:45 | Queue | Archer |
| 23:09 | Build | Lumber Camp |
| 23:13 | Queue | Archer |
| 23:13 | Queue | Archer |
| 23:33 | Research | Bodkin Arrow |
| 23:35 | Research | Gold Mining |
| 23:53 | Queue | Archer |
| 23:53 | Queue | Archer |
| 23:57 | Queue | Archer |
| 23:58 | Build | Farm |
| 23:59 | Build | Farm |
| 24:00 | Research | Horse Collar |
| 24:01 | Queue | Villager (Male) |
| 24:02 | Queue | Villager (Male) |
| 24:12 | Queue | Archer |
| 24:14 | Build | Archery Range |
| 24:26 | Queue | Villager (Male) |
| 24:37 | Queue | Villager (Male) |
| 24:43 | Queue | Villager (Male) |
| 24:49 | Build | Town Center |
| 24:57 | Queue | Archer |
| 24:57 | Queue | Archer |
Match timeline
| 0:06 | 赤いドラゴン · first_building Barracks |
| 5:43 | KrazyHands · first_building Barracks |
| 6:10 | 赤いドラゴン · wall_segment Palisade Wall x1 |
| 6:10 | 赤いドラゴン · wall_segment Palisade Wall x1 |
| 6:12 | 赤いドラゴン · wall_segment Palisade Wall x4 |
| 6:13 | 赤いドラゴン · wall_segment Palisade Wall x1 |
| 6:13 | 赤いドラゴン · wall_segment Palisade Wall x2 |
| 6:14 | 赤いドラゴン · wall_segment Palisade Wall x2 |
| 6:14 | 赤いドラゴン · wall_segment Palisade Wall x2 |
| 6:14 | 赤いドラゴン · wall_segment Palisade Wall x2 |
| 6:14 | 赤いドラゴン · wall_segment Palisade Wall x1 |
| 6:15 | 赤いドラゴン · wall_segment Palisade Wall x1 |
| 6:15 | 赤いドラゴン · wall_segment Palisade Wall x1 |
| 7:02 | 赤いドラゴン · wall_segment Palisade Wall x1 |
| 8:13 | 赤いドラゴン · wall_segment Palisade Wall x1 |
| 8:59 | KrazyHands · age_up feudal |
| 9:10 | 赤いドラゴン · wall_segment Palisade Wall x1 |
| 9:12 | 赤いドラゴン · wall_segment Palisade Wall x4 |
| 9:13 | 赤いドラゴン · wall_segment Palisade Wall x1 |
| 9:13 | 赤いドラゴン · wall_segment Palisade Wall x1 |
| 9:13 | 赤いドラゴン · wall_segment Palisade Wall x1 |
| 9:13 | 赤いドラゴン · wall_segment Palisade Wall x1 |
| 9:14 | 赤いドラゴン · wall_segment Palisade Wall x1 |
| 9:14 | 赤いドラゴン · wall_segment Palisade Wall x1 |
| 9:44 | 赤いドラゴン · wall_segment Palisade Wall x1 |
| 9:46 | 赤いドラゴン · wall_segment Palisade Wall x1 |
| 9:48 | 赤いドラゴン · wall_segment Palisade Wall x1 |
| 9:49 | 赤いドラゴン · wall_segment Palisade Wall x1 |
| 9:51 | 赤いドラゴン · wall_segment Palisade Wall x1 |
| 11:52 | KrazyHands · wall_segment Palisade Wall x1 |
| 11:53 | KrazyHands · wall_segment Palisade Wall x1 |
| 11:55 | KrazyHands · wall_segment Palisade Wall x1 |
| 11:57 | KrazyHands · wall_segment Palisade Wall x1 |
| 11:58 | KrazyHands · wall_segment Palisade Wall x1 |
| 12:00 | KrazyHands · wall_segment Palisade Wall x1 |
| 12:02 | KrazyHands · wall_segment Palisade Wall x1 |
| 12:23 | 赤いドラゴン · wall_segment Palisade Wall x1 |
| 12:24 | 赤いドラゴン · age_up feudal |
| 12:26 | 赤いドラゴン · wall_segment Palisade Wall x1 |
| 13:14 | KrazyHands · first_market_buy 100 food |
| 13:28 | 赤いドラゴン · wall_segment Palisade Wall x1 |
| 13:54 | 赤いドラゴン · wall_segment Palisade Wall x8 |
| 14:04 | KrazyHands · first_market_sell 500 wood |
| 14:11 | 赤いドラゴン · first_market_sell 100 wood |
| 14:29 | KrazyHands · wall_segment Palisade Wall x1 |
| 16:34 | 赤いドラゴン · wall_segment Stone Wall x1 |
| 16:48 | 赤いドラゴン · first_building Archery Range |
| 17:25 | 赤いドラゴン · age_up castle |
| 17:52 | 赤いドラゴン · wall_segment Palisade Wall x1 |
| 17:55 | 赤いドラゴン · wall_segment Palisade Wall x1 |
| 17:58 | 赤いドラゴン · wall_segment Palisade Wall x1 |
| 18:28 | 赤いドラゴン · first_market_buy 100 food |
| 21:09 | KrazyHands · first_building Archery Range |
| 21:25 | KrazyHands · age_up castle |
| 26:27 | KrazyHands · first_building Siege Workshop |
| 26:58 | 赤いドラゴン · first_building Siege Workshop |
| 34:41 | KrazyHands · first_building Monastery |
| 36:44 | KrazyHands · first_building Castle |
| 38:19 | KrazyHands · age_up imperial |
| 40:32 | 赤いドラゴン · resign |
[ AI ANALYSIS · 1 CREDIT ]
What really happened in this match?
Wolo.gg analyzes every decision: build order, eco, micro, common mistakes by bracket. Personalized analysis on WhatsApp or Discord in 30 seconds.
Civ guide
Incas
Perfil
赤いドラゴン